Zazza, neutral female human Tourist ------- ------- ##......| -------- ----- |......#####`##|......#####################|......| |...| |.....| ####|.....| #|.......# ##-...| |.....| # #|......# #|......|# # |...| |.....-########----.--# #|......|##### ....| |.....| # ########## #---.----##` |.{..# -----|-### # # ############# -----# # # ###h##### # ##` # # # @ ----.-------- # ### # # # # |<..........| # ### # # # +...........| ----|---------########## # # |...........| |...........#| ###-----|-- # # |..........#| |............| ##+......| # # |............#####-............| #|......| ----.-# |...........| -------------- #|......| |....-# ------------- #...`...| |>...| -------- ------ Zazza the Rambler Experience level: 1 Strength: 10 Dexterity: 10 Constitution: 12 Intelligence: 15 Wisdom: 11 Charisma: 18 Health: 0(10) Energy: 2(2) Def: 1 Gold: 1159 Moves: 1609 Dungeon seed: 4STxY0hZaqI_4kSV Game ID: Zazza_1619432557 Your Inventory: Coins $ - 1159 gold pieces Weapons a - 34 +2 darts (in quiver) f - a blessed +0 voulge h - 15 +0 darts r - a +0 orcish dagger v - 2 +0 daggers (wielded) Armor e - an uncursed +0 Hawaiian shirt (being worn) q - an uncursed +0 cloak of displacement (being worn) y - an uncursed +0 leather armor z - a blessed +0 orcish helm N - an uncursed +0 orcish helm Comestibles b - 2 uncursed food rations c - an uncursed cram ration d - 3 uncursed lembas wafers g - an uncursed egg i - an uncursed orange j - an uncursed tripe ration Scrolls l - 3 uncursed scrolls of magic mapping o - an uncursed scroll of light K - 2 uncursed scrolls of magic mapping Potions k - 2 uncursed potions of extra healing p - an uncursed potion of oil Tools m - an expensive camera (0:59) n - an uncursed credit card Spells and supernatural/magical abilities: Name Level Category Fail Memory u - confuse monster 2 enchantment 91% 95% W - pray for help -- divine ? -- Your skills at the end: Fighting Skills Weapon Skills dart [Basic] Spellcasting Skills Final Attributes: You were nominally aligned. You were displaced. You were lucky. You are dead. Vanquished creatures: 2 gas spores a hobbit a green mold 2 gnomes 7 geckos 4 jackals 2 kobolds 4 goblins a sewer rat 8 grid bugs 3 lichens a kobold zombie 4 newts 40 creatures vanquished. Voluntary challenges: You were an atheist. You used a wielded weapon 6 times, starting on turn 215. You read items or engraved 5 times, starting on turn 4. You never genocided any monsters. You never polymorphed an object. You never changed form. You used no wishes. You never split a pudding. You never wrote Elbereth's name. You never violated your personal moral code. Dungeon overview: The Dungeons of Doom: levels 1 to 3 Level 1 a sink a long staircase Level 2 a scroll shop, a fountain stairs to The Gnomish Mines Level 3 <- You were here a fountain, some sinks The Gnomish Mines: Level 3 stairs to The Dungeons of Doom History has recorded: On T:1 you entered the Dungeons of Doom to retrieve the Amulet of Yendor! On T:423 you reached level 2 of The Dungeons of Doom. On T:539 you reached level 3 of The Dungeons of Doom. On T:972 you reached level 1 of The Gnomish Mines. Score breakdown: Gold: 305 ( 8455 points) Experience: 1 level ( 0 points) Exploration: 3 levels ( 5.88%) ( 6000 points) Discoveries: 4 items ( 1.34%) ( 3475 points) Valuables value: (no points given unless you survive) Artifact value: 0 ( 0 points) Variety of kills: 13 monsters ( 3.41%) ( 5541 points) Turncount: 1609 turns ( 0 points) Survival: died (score multiplied by 80%) Total score: 18776 Latest messages: The gecko misses Armand. Armand bites the gecko. The gecko is killed! Armand eats a gecko corpse. The grid bug bites! You get zapped! You miss the grid bug. The grid bug bites! The grid bug misses. Armand bites the grid bug. The grid bug is killed! You displace Armand. Armand bites the gas spore. The gas spore is killed! Armand is caught in the gas spore's explosion! Where do you want to travel to? You stop travelling. You are almost hit by a dagger. You have a little trouble lifting v - a dagger (weapon in hand). You hit the hobbit. The hobbit hits! (2x) You miss the hobbit. The hobbit hits! (2x) You die... Final status: Aloha Zazza the Tourist, killed by a hobbit... You died in The Dungeons of Doom on dungeon level 3 with 18776 points, and 1159 pieces of gold, after 1609 moves. You were level 1 with a maximum of 10 hit points when you died.